ORI
FLORIDA STATE UNIVERSITY SEMINOLES @ MISSISSIPPI STATE UNIVERSITY BULLDOGS
11/03/2047
 
TOP OF THE 1ST
Florida State University Seminoles batting - Pitching for University of Minnesota Golden Gophers : RHP Eddie Young
Pitching: RHP Eddie Young
Batting: RHB Ray Johnson 0-0: Fly out, F8 (Flyball, 89M, EV 88.8 MPH)
Batting: LHB Simon Barry 0-0: Fly out, F6 (Popup, 6, EV 62.5 MPH)
Batting: LHB Ethan Ware 0-0: Called Strike
0-1: Ball
1-1: Ball
2-1: Ball
3-1: Base on Balls
Batting: RHB Matt Derry 0-0: Ball
1-0: Ball
2-0: Called Strike
2-1: Ball
3-1: Base on Balls
Ethan Ware to second
Batting: RHB Emilio Guerra 0-0: SINGLE (Groundball, 2L, EV 65.0 MPH) (infield hit)
Ethan Ware to third
Matt Derry to second
Batting: RHB Ed Vilches 0-0: Fly out, F7 (Flyball, 7, EV 88.1 MPH)
Top of the 1st over - 0 runs, 1 hit, 0 errors, 3 left on base; Florida State University 0 - University of Minnesota 0
BOTTOM OF THE 1ST
University of Minnesota Golden Gophers batting - Pitching for Florida State University Seminoles : RHP Rodrigo Lovato
Pitching: RHP Rodrigo Lovato
Batting: RHB Tatsuyoshi Ikeda 0-0: Ball
1-0: Ball
2-0: Called Strike
2-1: Ball
3-1: Swinging Strike
3-2: Strikes out looking
Batting: LHB Alex Villa 0-0: Called Strike
0-1: Fly out, F8 (Flyball, 8LM, EV 93.8 MPH)
Batting: RHB Ozzie Buendia 0-0: Ball
1-0: Called Strike
1-1: Ball
2-1: Called Strike
2-2: Ball
3-2: Strikes out looking
Bottom of the 1st over - 0 runs, 0 hits, 0 errors, 0 left on base; Florida State University 0 - University of Minnesota 0
TOP OF THE 2ND
Florida State University Seminoles batting - Pitching for University of Minnesota Golden Gophers : RHP Eddie Young
Batting: RHB Ruben Moreno 0-0: Swinging Strike
0-1: Ball
1-1: Foul Ball, location: 2F
1-2: Strikes out looking
Batting: RHB Aaron Sartini 0-0: Ball
1-0: Ball
2-0: Ball
3-0: Base on Balls
Batting: RHB Terry Cisneros 0-0: Ball
1-0: Ball
Wild Pitch!
Aaron Sartini to second
2-0: Ground out 6-3 (Groundball, 6, EV 80.6 MPH)
Aaron Sartini to third
Batting: RHB Ray Johnson 0-0: Called Strike
0-1: Ball
1-1: Foul Ball, location: 2F
1-2: Strikes out swinging
Top of the 2nd over - 0 runs, 0 hits, 0 errors, 1 left on base; Florida State University 0 - University of Minnesota 0
BOTTOM OF THE 2ND
University of Minnesota Golden Gophers batting - Pitching for Florida State University Seminoles : RHP Rodrigo Lovato
Batting: LHB Dick Shafer 0-0: Swinging Strike
0-1: Foul Ball, location: 2F
0-2: Ball
1-2: Strikes out swinging
Batting: RHB Ned Scovell 0-0: Ball
1-0: Foul Ball, location: 2F
1-1: Foul Ball, location: 2F
1-2: Reached via error on a dropped throw from SS, E3 (Groundball, 6, EV 86.9 MPH)
Batting: LHB Josh Rini 0-0: Ball
1-0: Called Strike
1-1: Fielders Choice at 2nd, 4-6 (Groundball, 4S, EV 81.9 MPH)
Batting: RHB Adler Cananis 0-0: Ball
1-0: Called Strike
1-1: SINGLE (Line Drive, 9S, EV 111.2 MPH)
Josh Rini to second
Batting: RHB Jarrod Strickhouser 0-0: Ball
1-0: Foul Ball, location: 2F
1-1: Called Strike
1-2: Fielders Choice at 2nd, 6-4 (Groundball, 6, EV 83.8 MPH)
Bottom of the 2nd over - 0 runs, 1 hit, 1 error, 2 left on base; Florida State University 0 - University of Minnesota 0
TOP OF THE 3RD
Florida State University Seminoles batting - Pitching for University of Minnesota Golden Gophers : RHP Eddie Young
Batting: LHB Simon Barry 0-0: Called Strike
0-1: Fly out, F8 (Flyball, 8LD, EV 104.4 MPH)
Batting: LHB Ethan Ware 0-0: Ball
1-0: Foul Ball, location: 2F
1-1: Ball
2-1: Ball
3-1: Ground out 5-3 (Groundball, 56, EV 91.9 MPH)
Batting: RHB Matt Derry 0-0: Ground out 4-3 (Groundball, 4, EV 105.6 MPH)
Top of the 3rd over - 0 runs, 0 hits, 0 errors, 0 left on base; Florida State University 0 - University of Minnesota 0
BOTTOM OF THE 3RD
University of Minnesota Golden Gophers batting - Pitching for Florida State University Seminoles : RHP Rodrigo Lovato
Batting: SHB Marty Kuehn 0-0: Foul Ball, location: 2F
0-1: Ball
1-1: Ball
2-1: Foul Ball, location: 2F
2-2: Foul Ball, location: 2F
2-2: Fly out, F6 (Popup, P, EV 83.1 MPH)
Batting: RHB Tatsuyoshi Ikeda 0-0: Fly out, F4 (Popup, 34S, EV 71.2 MPH)
Batting: LHB Alex Villa 0-0: Called Strike
0-1: Ball
1-1: Ground out 4-3 (Groundball, 4, EV 88.1 MPH)
Bottom of the 3rd over - 0 runs, 0 hits, 0 errors, 0 left on base; Florida State University 0 - University of Minnesota 0
TOP OF THE 4TH
Florida State University Seminoles batting - Pitching for University of Minnesota Golden Gophers : RHP Eddie Young
Batting: RHB Emilio Guerra 0-0: Fly out, F7 (Line Drive, 7, EV 100.0 MPH)
Batting: RHB Ed Vilches 0-0: Ball
1-0: Ball
2-0: Ball
3-0: Base on Balls
Batting: RHB Ruben Moreno 0-0: Swinging Strike
0-1: Grounds into double play, 6-4-3 (Groundball, 56, EV 108.1 MPH)
Top of the 4th over - 0 runs, 0 hits, 0 errors, 0 left on base; Florida State University 0 - University of Minnesota 0
BOTTOM OF THE 4TH
University of Minnesota Golden Gophers batting - Pitching for Florida State University Seminoles : RHP Rodrigo Lovato
Batting: RHB Ozzie Buendia 0-0: Swinging Strike
0-1: Foul Ball, location: 2F
0-2: Ball
1-2: Ball
2-2: Ball
3-2: SINGLE (Groundball, 3D, EV 101.2 MPH)
Batting: LHB Dick Shafer 0-0: Ball
Ozzie Buendia is caught stealing 2nd base 2-6
1-0: Foul Ball, location: 2F
1-1: Swinging Strike
1-2: Ball
2-2: Foul Ball, location: 2F
2-2: Strikes out swinging
Batting: RHB Ned Scovell 0-0: Ball
1-0: Foul Ball, location: 2F
1-1: SINGLE (Groundball, 25, EV 71.2 MPH) (infield hit)
Batting: LHB Josh Rini 0-0: Foul Ball, location: 2F
0-1: Ground out 1-3 (Groundball, P, EV 73.1 MPH)
Bottom of the 4th over - 0 runs, 2 hits, 0 errors, 1 left on base; Florida State University 0 - University of Minnesota 0
TOP OF THE 5TH
Florida State University Seminoles batting - Pitching for University of Minnesota Golden Gophers : RHP Eddie Young
Batting: RHB Aaron Sartini 0-0: Ball
1-0: Called Strike
1-1: Ball
2-1: Called Strike
2-2: Strikes out looking
Batting: RHB Terry Cisneros 0-0: Ball
1-0: Ball
2-0: Called Strike
2-1: Ball
3-1: Ground out U3 (Groundball, 3S, EV 92.5 MPH)
Batting: RHB Ray Johnson 0-0: Called Strike
0-1: Ball
1-1: Swinging Strike
1-2: Strikes out swinging
Top of the 5th over - 0 runs, 0 hits, 0 errors, 0 left on base; Florida State University 0 - University of Minnesota 0
BOTTOM OF THE 5TH
University of Minnesota Golden Gophers batting - Pitching for Florida State University Seminoles : RHP Rodrigo Lovato
Batting: RHB Adler Cananis 0-0: Foul Ball, location: 2F
0-1: Ball
1-1: Ball
2-1: Ball
3-1: Foul Ball, location: 2F
3-2: Base on Balls
Batting: RHB Jarrod Strickhouser 0-0: Ball
1-0: Called Strike
1-1: Grounds into double play, 6-4-3 (Groundball, 6, EV 103.1 MPH)
Batting: SHB Marty Kuehn 0-0: Called Strike
0-1: Ball
1-1: Called Strike
1-2: Strikes out swinging
Bottom of the 5th over - 0 runs, 0 hits, 0 errors, 0 left on base; Florida State University 0 - University of Minnesota 0
TOP OF THE 6TH
Florida State University Seminoles batting - Pitching for University of Minnesota Golden Gophers : RHP Eddie Young
Batting: LHB Simon Barry 0-0: Called Strike
0-1: Ball
1-1: Ground out U3 (Groundball, 34, EV 94.4 MPH)
Batting: LHB Ethan Ware 0-0: Foul Ball, location: 2F
0-1: Ball
1-1: Swinging Strike
1-2: Ball
2-2: Strikes out looking
Batting: RHB Matt Derry 0-0: Fly out, F8 (Flyball, 8LM, EV 90.6 MPH)
Top of the 6th over - 0 runs, 0 hits, 0 errors, 0 left on base; Florida State University 0 - University of Minnesota 0
BOTTOM OF THE 6TH
University of Minnesota Golden Gophers batting - Pitching for Florida State University Seminoles : RHP Rodrigo Lovato
Batting: RHB Tatsuyoshi Ikeda 0-0: Ball
1-0: Ground out 6-3 (Groundball, 6, EV 87.5 MPH)
Batting: LHB Alex Villa 0-0: Ball
1-0: Ground out 4-3 (Groundball, 4, EV 88.8 MPH)
Batting: RHB Ozzie Buendia 0-0: Ground out 4-3 (Groundball, 4, EV 87.5 MPH)
Bottom of the 6th over - 0 runs, 0 hits, 0 errors, 0 left on base; Florida State University 0 - University of Minnesota 0
TOP OF THE 7TH
Florida State University Seminoles batting - Pitching for University of Minnesota Golden Gophers : RHP Eddie Young
Batting: RHB Emilio Guerra 0-0: Called Strike
0-1: Ball
1-1: Swinging Strike
1-2: Strikes out looking
Batting: RHB Ed Vilches 0-0: Ball
1-0: Called Strike
1-1: Ball
2-1: Called Strike
2-2: Ground out U3 (Groundball, 34, EV 78.8 MPH)
Batting: RHB Ruben Moreno 0-0: Called Strike
0-1: Ball
1-1: Ball
2-1: Called Strike
2-2: Ball
3-2: Base on Balls
Pitching: RHP Bobby Rodriguez
Pinch Hitting: LHB John Doiron 0-0: Called Strike
0-1: Fly out, F5 (Line Drive, 5L, EV 67.5 MPH)
Top of the 7th over - 0 runs, 0 hits, 0 errors, 1 left on base; Florida State University 0 - University of Minnesota 0
BOTTOM OF THE 7TH
University of Minnesota Golden Gophers batting - Pitching for Florida State University Seminoles : RHP Rodrigo Lovato
Now in CF: Brian Clayton
Batting: LHB Dick Shafer 0-0: Fly out, F7 (Flyball, 7, EV 91.9 MPH)
Batting: RHB Ned Scovell 0-0: Ball
1-0: Swinging Strike
1-1: Ball
2-1: Foul Ball, location: 2F
2-2: Foul Ball, location: 2F
2-2: Foul Ball, location: 2F
2-2: Ball
3-2: Foul Ball, location: 2F
3-2: Strikes out swinging
Batting: LHB Josh Rini 0-0: Called Strike
0-1: Ball
1-1: Foul Ball, location: 2F
1-2: Ball
2-2: Foul Ball, location: 2F
2-2: Ball
3-2: SINGLE (Line Drive, 4MD, EV 103.8 MPH)
Pitching: RHP Wade Striegel
Pinch Hitting: LHB Jose Moncada 0-0: Ball
Wild Pitch!
Josh Rini to second
1-0: Ground out U3 (Groundball, 34, EV 83.8 MPH)
Bottom of the 7th over - 0 runs, 1 hit, 0 errors, 1 left on base; Florida State University 0 - University of Minnesota 0
TOP OF THE 8TH
Florida State University Seminoles batting - Pitching for University of Minnesota Golden Gophers : RHP Bobby Rodriguez
Pitching: LHP Bill Parker
Now at 1B: Antonio Cordero
Pinch Hitting: SHB Jason Farr 0-0: Ground out U3 (Groundball, 3, EV 89.4 MPH)
Batting: RHB Ray Johnson 0-0: Ball
1-0: Foul Ball, location: 2F
1-1: Swinging Strike
1-2: Ball
2-2: Ground out 6-3 (Groundball, 6S, EV 90.0 MPH)
Pinch Hitting: RHB George Smienk 0-0: Called Strike
0-1: Ball
1-1: Ball
2-1: Foul Ball, location: 2F
2-2: Ball
3-2: Foul Ball, location: 2F
3-2: Foul Ball, location: 2F
3-2: DOUBLE (Flyball, 78XD, EV 104.4 MPH)
Pinch Hitting: RHB Bart Hall 0-0: Called Strike
0-1: Ball
1-1: Foul Ball, location: 2F
1-2: SINGLE (Line Drive, 89S, EV 108.8 MPH)
George Smienk to third
Pitching: RHP Enakai Moritiica
Pinch Hitting: RHB Jonathan Bruni 0-0: Ball
1-0: Ground out 5-3 (Groundball, 56S, EV 67.5 MPH)
Top of the 8th over - 0 runs, 2 hits, 0 errors, 2 left on base; Florida State University 0 - University of Minnesota 0
BOTTOM OF THE 8TH
University of Minnesota Golden Gophers batting - Pitching for Florida State University Seminoles : RHP Wade Striegel
Now at C: Hastings Miller
Now at 1B: John Welsh
Now at 3B: Jeff Shields
Now at SS: J.R. Harvey
Pinch Hitting: RHB Ron Gooch 0-0: Ball
1-0: Ground out 4-3 (Groundball, 4, EV 85.0 MPH)
Batting: SHB Marty Kuehn 0-0: Swinging Strike
0-1: Ground out 4-3 (Groundball, 4, EV 80.6 MPH)
Pinch Hitting: LHB Ivan Villegas 0-0: Ball
1-0: Ball
2-0: Ball
3-0: Called Strike
3-1: Called Strike
3-2: Strikes out swinging
Bottom of the 8th over - 0 runs, 0 hits, 0 errors, 0 left on base; Florida State University 0 - University of Minnesota 0
TOP OF THE 9TH
Florida State University Seminoles batting - Pitching for University of Minnesota Golden Gophers : RHP Enakai Moritiica
Now at 2B: Farakiko Haunani
Now in CF: Chris Rodgers
Pinch Hitting: LHB Matt Stewart 0-0: Ball
1-0: Ball
2-0: Swinging Strike
2-1: Foul Ball, location: 2F
2-2: Strikes out swinging
Pinch Hitting: SHB Jon Odle 0-0: Called Strike
0-1: Ball
1-1: Called Strike
1-2: SINGLE (Flyball, 9, EV 88.1 MPH)
Batting: RHB Julio Mendoza 0-0: Foul Ball, location: 2F
0-1: Ball
Jon Odle is caught stealing 2nd base 2-4
1-1: Ground out 2-3 (Groundball, 15S, EV 68.1 MPH)
Top of the 9th over - 0 runs, 1 hit, 0 errors, 0 left on base; Florida State University 0 - University of Minnesota 0
BOTTOM OF THE 9TH
University of Minnesota Golden Gophers batting - Pitching for Florida State University Seminoles : RHP Wade Striegel
Now at 2B: David Lucarelli
Now in RF: Washichi Goto
Pinch Hitting: RHB Mike Satterfield 0-0: Ball
1-0: Foul Ball, location: 2F
1-1: Ball
2-1: Ball
3-1: Ground out U3 (Groundball, 34, EV 82.5 MPH)
Pinch Hitting: LHB Bobby Agterberg 0-0: Ball
1-0: Ball
2-0: Called Strike
2-1: Reached on error, E6 (Groundball, 6, EV 88.1 MPH)
Pinch Hitting: RHB Scott Rose 0-0: Ball
1-0: Called Strike
1-1: Fly out, F7 (Line Drive, 78M, EV 89.4 MPH)
Batting: RHB Ned Scovell 0-0: Ball
1-0: Ball
2-0: Foul Ball, location: 2F
2-1: Swinging Strike
2-2: Ball
3-2: Ground out 6-3 (Groundball, 6, EV 98.1 MPH)
Bottom of the 9th over - 0 runs, 0 hits, 1 error, 1 left on base; Florida State University 0 - University of Minnesota 0
TOP OF THE 10TH
Florida State University Seminoles batting - Pitching for University of Minnesota Golden Gophers : RHP Enakai Moritiica
Pitching: RHP Adam Wickwire
Now at 3B: Phil Bonner
Now in LF: Dave Uttley
Now in RF: Roy Evenden
Batting: LHB Brian Clayton 0-0: Ball
1-0: Ball
2-0: Foul Ball, location: 2F
2-1: Foul Ball, location: 2F
2-2: Ground out 1-3 (Groundball, P, EV 67.5 MPH)
Batting: LHB Jeff Shields 0-0: Foul Ball, location: 2F
0-1: Swinging Strike
0-2: Foul Ball, location: 2F
0-2: Strikes out swinging
Pinch Hitting: RHB Grayson Carmichael 0-0: Ball
1-0: Ball
2-0: Ball
3-0: Base on Balls
Batting: SHB John Welsh 0-0: Ball
1-0: Ball
2-0: Called Strike
2-1: Fly out, F7 (Flyball, 78M, EV 74.4 MPH)
Top of the 10th over - 0 runs, 0 hits, 0 errors, 1 left on base; Florida State University 0 - University of Minnesota 0
BOTTOM OF THE 10TH
University of Minnesota Golden Gophers batting - Pitching for Florida State University Seminoles : RHP Wade Striegel
Pitching: RHP John Scott
Now in LF: Bill Christiansen
Batting: LHB Gabe Cothron 0-0: Foul Ball, location: 2F
0-1: Foul Ball, location: 2F
0-2: Strikes out looking
Pinch Hitting: RHB Josh Gifford 0-0: Ground out 4-3 (Groundball, 4, EV 85.6 MPH)
Batting: SHB Chris Rodgers 0-0: Ball
1-0: Ball
2-0: Ball
3-0: Foul Ball, location: 2F
3-1: Swinging Strike
3-2: Strikes out swinging
Bottom of the 10th over - 0 runs, 0 hits, 0 errors, 0 left on base; Florida State University 0 - University of Minnesota 0
TOP OF THE 11TH
Florida State University Seminoles batting - Pitching for University of Minnesota Golden Gophers : RHP Adam Wickwire
Now at 1B: Chris Gant
Batting: RHB J.R. Harvey 0-0: Called Strike
0-1: Ball
1-1: Reached on error, E5 (Groundball, 56S, EV 73.1 MPH)
Pinch Hitting: RHB Randy Bartlett 0-0: Called Strike
0-1: Grounds into double play, 5-4-3 (Groundball, 56, EV 85.6 MPH)
Batting: RHB Washichi Goto 0-0: Swinging Strike
0-1: Called Strike
0-2: Strikes out swinging
Top of the 11th over - 0 runs, 0 hits, 1 error, 0 left on base; Florida State University 0 - University of Minnesota 0
BOTTOM OF THE 11TH
University of Minnesota Golden Gophers batting - Pitching for Florida State University Seminoles : RHP John Scott
Now at C: Tony Valdez
Batting: SHB Marty Kuehn 0-0: Called Strike
0-1: Ball
1-1: Foul Ball, location: 2F
1-2: Single, Error in OF, E9, batter to second base (Groundball, 34D, EV 107.5 MPH)
Batting: RHB Farakiko Haunani 0-0: Called Strike
0-1: Bunted foul
0-2: Ball
1-2: Foul Ball, location: 2F
1-2: Ball
2-2: Ball
3-2: Base on Balls
Batting: LHB Phil Bonner 0-0: Bunt missed!
0-1: Bunted foul
0-2: Ball
1-2: Ball
2-2: Ball
3-2: Fly out, F9 (Flyball, 89M, EV 91.2 MPH)
Batting: RHB Roy Evenden 0-0: Called Strike
0-1: Ball
1-1: Ball
2-1: Ball
3-1: Base on Balls
Marty Kuehn to third
Farakiko Haunani to second
Pitching: LHP Nick Linkletter
Batting: RHB Dave Uttley 0-0: Grounds into fielders choice 5-2 (Groundball, 56, EV 98.1 MPH)
Farakiko Haunani to third
Roy Evenden to second
Batting: RHB Ned Scovell 0-0: Called Strike
0-1: Ball
1-1: Foul Ball, location: 2F
1-2: Ball
2-2: Foul Ball, location: 2F
2-2: Foul Ball, location: 2F
2-2: Ball
3-2: Base on Balls
Farakiko Haunani scores
Roy Evenden to third
Dave Uttley to second
Bottom of the 11th over - 1 run, 1 hit, 1 error, 3 left on base; Florida State University 0 - University of Minnesota 1
Thursday, December 15th , 2022 - OOTP Baseball 23.9 Build 102